 Dungeon Crawl Stone Soup version 0.23.0 (webtiles) character file.

Game seed: 6175515523400579262

90 goblindog the Cudgeler (level 4, -6/28 HPs)
             Began as a Gargoyle Gladiator on Feb 17, 2019.
             Was a Follower of Jiyva.
             Killed by divine providence
             ... invoked by an orc priest
              (14 damage)
             ... on level 3 of the Dungeon.
             The game lasted 00:12:29 (1625 turns).

goblindog the Cudgeler (Gargoyle Gladiator)         Turns: 1625, Time: 00:12:30

Health: -6/28      AC: 18    Str: 18    XL:     4   Next: 56%
Magic:  4/4        EV:  8    Int:  9    God:    Jiyva [*.....]
Gold:   142        SH:  0    Dex: 11    Spells: 3/3 levels left

rFire    . . .     SeeInvis .   a - +0 flail
rCold    . . .     Gourm    .   (no shield)
rNeg     + + .     Faith    .   k - +2 chain mail {rPois}
rPois    ∞         Spirit   .   c - +0 helmet
rElec    +         Reflect  .   q - +2 cloak
rCorr    .         Harm     .   (no gloves)
MR       .....                  (no boots)
Stlth    ..........             (no amulet)
HPRegen  0.09/turn              i - +1 ring of protection
MPRegen  0.09/turn              t - ring of positive energy

@: no status effects
A: negative energy resistance 1, electricity resistance, unbreathing,
petrification resistance, rot immunity, AC +3
a: Request Jelly, Renounce Religion


You were on level 3 of the Dungeon.
You worshipped Jiyva.
Jiyva was aware of your devotion.
You were full.

You visited 1 branch of the dungeon, and saw 3 of its levels.

You collected 142 gold pieces.

Inventory:

Hand Weapons
 a - a +0 flail (weapon)
Missiles
 d - 3 throwing nets (quivered)
Armour
 b - a +0 leather armour
 c - a +0 helmet (worn)
 h - a +0 ring mail
 k - a +2 chain mail of poison resistance (worn)
 q - a +2 cloak (worn)
Jewellery
 i - a +1 ring of protection (left hand)
 t - a ring of positive energy (right hand)
Scrolls
 e - 2 scrolls of amnesia {unknown}
 g - 4 scrolls of remove curse {unknown}
 n - a scroll of identify {unknown}
 o - 2 scrolls of immolation {unknown}
 p - a scroll of blinking {unknown}
 s - a scroll of fog {unknown}
Potions
 j - a potion of heal wounds {unknown}
 l - a potion of curing {unknown}
 m - a potion of lignification {unknown}
 r - a potion of degeneration {unknown}
Comestibles
 f - 3 rations


   Skills:
 + Level 3.3 Fighting
 + Level 4.0 Maces & Flails
 + Level 1.9 Throwing
 + Level 2.9 Dodging
 + Level 0.1 Stealth


You had 3 spell levels left.
You didn't know any spells.
Your spell library was empty.

Dungeon Overview and Level Annotations

Branches:
Dungeon (3/15)

Altars:
Jiyva


Innate Abilities, Weirdness & Mutations

You are resistant to torment.
Your stone body is resilient. (AC +3)
You are immune to poison.
You resist negative energy. (rN+)
You are resistant to electric shocks. (rElec)
You can survive without breathing.
You are immune to petrification.
You are immune to rotting.


Message History

a +0 short sword; a +0 flail; a +0 club; an orc corpse x2
You hit the orc priest.
The orc priest is moderately wounded.
The bat hits you but does no damage.
The orc priest invokes the aid of Beogh against you.
Beogh smites you!
* * * LOW HITPOINT WARNING * * *
The bat hits you but does no damage.
You are too injured to fight recklessly!
You are too injured to fight recklessly!
You closely miss the bat. The bat barely misses you.
You hit the bat.
The bat is moderately wounded.
The bat hits you but does no damage. The bat barely misses you.
You closely miss the bat. The bat hits you but does no damage.
The orc priest calls down the wrath of Beogh upon you.
Beogh smites you!
Ouch! That really hurt!
You die...

#..## #.# #.#########
###.###.# # .....#.# ###.#.#
#..# ..# #.#.# #<.# ..#
###.#.# #..# ..# ....#.#
#..# #..####
....#.#####..####### .......
..<.....>.......@.b# .......
...##.##.###.#####)##)......
...##.##.#......b..o........
#####.##.#.#................
#.##.#.#######.#####....
#.##.#.## #.# .S. #.##....#
#.# # #.##..#.#### #..
#....).........#


You could see an orc priest and a bat.

Vanquished Creatures
  An orc priest (D:3)
  An adder (D:2)
  A worm (D:3)
  A dart slug (D:1)
  A leopard gecko (D:2)
  3 orcs (D:3)
  4 giant cockroaches
  4 hobgoblins
  4 jackals (D:1)
  A quokka (D:3)
  3 bats
  6 frilled lizards
  3 goblins
  5 kobolds
  7 rats
45 creatures vanquished.

Vanquished Creatures (others)
  A giant cockroach (D:3)
1 creature vanquished.

Grand Total: 46 creatures vanquished

Notes
Turn   | Place    | Note
-------+----------+-------------------------------------------
     0 | D:1      | goblindog the Gargoyle Gladiator began the quest for the
                  | Orb.
     0 | D:1      | Reached XP level 1. HP: 12/12 MP: 1/1
    33 | D:1      | Reached XP level 2. HP: 8/18 MP: 2/2
   542 | D:2      | Reached XP level 3. HP: 22/22 MP: 3/3
  1245 | D:3      | Found a faded altar of an unknown god.
  1253 | D:3      | Became a worshipper of Jiyva Jeef the Shapeless
  1253 | D:3      | Reached * piety under Jiyva
  1606 | D:3      | Reached XP level 4. HP: 14/27 MP: 4/4
  1614 | D:3      | Reached skill level 4 in Maces & Flails
  1625 | D:3      | Killed from afar by an orc priest

Skill      XL: |  1  2  3  4 |
---------------+-------------+-----
Fighting       | 3 |  3.3
Maces & Flails | 4 |  4.0
Throwing       | |  1.9
Dodging        | |  2.9
Stealth        | |  0.1

Action                   |  1- 3 |  4- 6 || total
-------------------------+-------+-------++-------
Melee: Flail             |   133 |    11 ||   144
  Eat: Ration            |     2 |       ||     2
Armor: Leather armour    |    25 |       ||    25
       Ring mail         |    13 |       ||    13
       Chain mail        |    55 |    13 ||    68
Dodge: Dodged            |    89 |    11 ||   100
